Map: [ESL] Cosmic Sapphire

Players

Ranger

  • Race: Protoss Protoss
  • Spawn Location: 11:00

Probe - Winner!

  • Race: Protoss Protoss
  • Spawn Location: 5:00

Event: DreamHack SC2 Masters 2022 Atlanta (Online)

VOD

Have the link to the VOD?

Description

Time

  • Played on: Oct. 2, 2022, 4:58 a.m.
  • Length: 19:45

All games in this series

Show
View Real Time Build Order
Export as new Build Order

Ranger Protoss 

Build Orders:  

Get SALT Encoding   

  12  0:00  Probe  
  13  0:12  Probe  
  14  0:17  Pylon  
  14  0:24  Probe (Chrono Boost)  
  15  0:36  Probe (Chrono Boost)  
  15  0:38  Gateway  
  16  0:45  Probe (Chrono Boost)  
  16  0:46  Assimilator  
  17  0:51  Probe  
  17  0:55  Assimilator  
  18  1:03  Probe (Chrono Boost)  
  19  1:09  Gateway  
  19  1:13  Probe (Chrono Boost)  
  19  1:18  Probe  
  20  1:25  Cybernetics Core  
  21  1:30  Probe  
  22  1:34  Pylon  
  22  1:42  Probe  
  23  1:54  Probe  
  24  2:02  Sentry, Stalker  
  24  2:06  Probe  
  29  2:12  Pylon  
  29  2:13  Warp Gate (Chrono Boost)  
  29  2:34  Adept x2  
  32  2:47  Nexus  
  32  2:52  Shield Battery  
  32  3:04  Stalker x2  
  36  3:15  Probe  
  37  3:23  Shield Battery  
  37  3:27  Probe  
  34  3:35  Twilight Council  
  34  3:39  Probe  
  35  3:44  Shield Battery  
  35  3:54  Probe (Chrono Boost)  
  35  3:55  Shield Battery  
  36  3:57  Stalker  
  36  3:59  Probe (Chrono Boost)  
  36  4:01  Sentry, Pylon  
  41  4:05  Blink (Chrono Boost)  
  41  4:09  Probe x2 (Chrono Boost)  
  43  4:16  Probe  
  44  4:19  Probe  
  45  4:26  Stalker  
  45  4:28  Probe  
  45  4:31  Stalker  
  50  4:35  Phoenix  
  50  4:37  Probe  
  50  4:40  Probe  
  50  4:49  Probe  
  50  4:50  Stalker  
  50  4:52  Probe  
  54  4:55  Robotics Facility  
  54  5:01  Probe  
  54  5:04  Probe  
  56  5:08  Pylon  
  56  5:13  Probe, Stalker  
  58  5:14  Stalker  
  58  5:16  Probe  
  61  5:27  Nexus  
  61  5:38  Gateway  
  61  5:39  Gateway  
  61  5:42  Pylon  
  62  5:43  Observer (Chrono Boost)  
  62  5:49  Sentry  
  64  5:53  Pylon  
  64  5:56  Forge  
  64  5:58  Stalker  
  64  5:59  Probe, Pylon  
  64  6:01  Probe  
  68  6:11  Probe  
  68  6:13  Observer (Chrono Boost)  
  68  6:14  Probe  
  64  6:21  Stalker  
  63  6:31  Stalker  
  61  6:36  Assimilator  
  61  6:37  Probe x2  
  63  6:40  Zealot, Stalker  
  63  6:43  Shield Battery  
  63  6:46  Probe  
  68  6:48  Pylon  
  68  6:51  Stalker  
  70  6:56  Probe  
  71  7:01  Stalker  
  71  7:02  Zealot  
  72  7:09  Shield Battery  
  72  7:13  Stalker  
  72  7:15  Zealot  
  75  7:18  Shield Battery  
  75  7:20  Pylon  
  75  7:22  Stalker  
  77  7:28  Stalker  
  73  7:35  Stalker x2  
  77  7:44  Nexus  
  75  7:46  Stalker  
  77  7:54  Observer  
  77  7:55  Immortal (Chrono Boost)  
  77  8:11  Stalker x2  
  81  8:17  Adept x2  
  81  8:19  Protoss Ground Weapons Level 1 (Chrono Boost)  
  85  8:21  Probe x2  
  87  8:33  Probe x2  
  89  8:34  Gateway  
  89  8:36  Gateway  
  89  8:37  Gateway  
  89  8:45  Probe x2  
  89  8:47  Observer (Chrono Boost)  
  91  8:53  Sentry  
  93  8:57  Probe x2  
  95  9:06  Probe  
  95  9:09  Probe  
  97  9:11  Charge, Gateway  
  97  9:22  Pylon  
  97  9:35  Nexus  
  97  9:39  Zealot x6  
  97  9:42  Zealot  
  97  9:45  Observer  
  111  10:00  Zealot x6  
  111  10:04  Dark Shrine, Observer (Chrono Boost)  
  124  10:17  Zealot  
  124  10:18  Photon Cannon  
  118  10:24  Zealot x4  
  118  10:26  Observer (Chrono Boost)  
  106  10:29  Zealot x3  
  97  10:37  Probe  
  97  10:38  Probe  
  97  10:40  Zealot  
  96  10:43  Probe (Chrono Boost)  
  97  10:50  Probe (Chrono Boost)  
  97  10:54  Probe (Chrono Boost)  
  97  10:56  Probe (Chrono Boost)  
  99  11:01  Probe (Chrono Boost)  
  99  11:03  Probe (Chrono Boost)  
  100  11:05  Probe (Chrono Boost)  
  100  11:06  Probe (Chrono Boost)  
  100  11:10  Probe  
  99  11:14  Probe  
  99  11:16  Probe  
  99  11:17  Dark Templar x3  
  108  11:19  Dark Templar  
  110  11:25  Zealot x2  
  110  11:26  Observer  
  110  11:27  Probe  
  110  11:28  Probe  
  116  11:46  Stalker x4  
  122  11:50  Probe  
  122  11:53  Probe  
  124  11:57  Zealot x3  
  124  12:00  Probe, Protoss Ground Weapons Level 2 (Chrono Boost)  
  131  12:02  Probe x2  
  133  12:14  Probe  
  134  12:19  Zealot x3  
  135  12:30  Zealot x2  
  135  12:32  Photon Cannon  
  139  12:41  Pylon  
  139  12:44  Pylon  
  137  12:45  Pylon  
  137  12:56  Zealot x2  
  139  13:03  Probe x3, Pylon  
  139  13:04  Probe  
  143  13:06  Robotics Facility  
  143  13:08  Robotics Bay  
  143  13:09  Dark Templar x3, Assimilator  
  149  13:15  Probe  
  149  13:18  Probe  
  151  13:23  Shield Battery, Observer  
  151  13:24  Shield Battery  
  151  13:26  Dark Templar  
  153  13:32  Probe x3  
  153  13:33  Assimilator  
  153  13:34  Probe  
  153  13:38  Assimilator x2  
  152  13:42  Assimilator  
  152  13:44  Probe x2  
  152  13:47  Probe  
  155  13:49  Probe  
  155  13:51  Shield Battery  
  155  13:55  Shield Battery, Photon Cannon  
  156  13:57  Disruptor x2 (Chrono Boost)  
  156  13:58  Probe  
  163  14:09  Photon Cannon  
  163  14:13  Zealot x3  
  163  14:14  Zealot  
  163  14:16  Zealot  
  159  14:27  Observer x2  
  159  14:33  Photon Cannon  
  159  14:36  Zealot x4, Photon Cannon  
  162  14:39  Zealot x2  
  162  14:42  Photon Cannon  
  162  14:45  Disruptor (Chrono Boost)  
  166  14:51  Probe  
  171  14:54  Disruptor (Chrono Boost)  
  171  14:58  Probe x2  
  159  15:03  Probe x2  
  159  15:04  Shadow Stride (Chrono Boost)  
  161  15:10  Probe  
  161  15:11  Disruptor (Chrono Boost)  
  165  15:16  Dark Templar  
  165  15:20  Observer (Chrono Boost)  
  168  15:22  Probe  
  168  15:28  Pylon  
  169  15:31  Disruptor (Chrono Boost)  
  172  15:36  Pylon  
  172  15:37  Disruptor (Chrono Boost)  
  172  15:38  Pylon  
  172  15:40  Photon Cannon  
  166  15:46  Photon Cannon  
  166  15:48  Photon Cannon  
  166  15:54  Stalker  
  166  15:55  Stalker x2  
  165  16:10  Zealot x5  
  175  16:15  Disruptor (Chrono Boost)  
  175  16:18  Observer  
  172  16:19  Gravitic Boosters (Chrono Boost)  
  165  16:39  Observer (Chrono Boost)  
  140  16:46  Pylon  
  140  16:48  Disruptor (Chrono Boost)  
  140  16:52  Templar Archives  
  143  16:54  Disruptor (Chrono Boost)  
  143  17:00  Observer  
  146  17:02  Nexus, Stalker x3  
  136  17:13  Photon Cannon  
  110  17:15  Shield Battery  
  110  17:16  Photon Cannon  
  110  17:19  Disruptor (Chrono Boost)  
  110  17:21  Pylon  
  109  17:29  Dark Templar x2  
  116  17:36  Dark Templar  
  118  17:37  Dark Templar  
  120  17:50  Disruptor x2 (Chrono Boost)  
  116  17:52  Stalker  
  116  17:54  Stalker  
  119  18:01  Dark Templar  
  121  18:10  Dark Templar x2  
  121  18:11  Shield Battery  
  126  18:20  Zealot  
  126  18:21  Observer (Chrono Boost)  
  126  18:22  Probe (Chrono Boost)  
  130  18:29  Probe (Chrono Boost)  
  130  18:30  Photon Cannon  
  130  18:31  Probe (Chrono Boost)  
  130  18:34  Zealot x2  
  130  18:37  Zealot  
  130  18:39  Zealot  
  134  18:42  Zealot  
  134  18:45  Zealot  
  117  18:49  Disruptor  
  106  18:57  Zealot x3  
  106  19:01  Probe x2  
  106  19:02  Observer  
  111  19:06  Zealot  
  111  19:08  Zealot  
  113  19:13  Probe  
  113  19:15  Zealot x2  
  91  19:20  Zealot  
  89  19:28  Probe x2  
Show
View Real Time Build Order
Export as new Build Order

Probe Protoss - Winner!

Build Orders: Oracle Opening 

Get SALT Encoding   

  12  0:00  Probe  
  13  0:12  Probe  
  14  0:17  Pylon  
  14  0:24  Probe (Chrono Boost)  
  15  0:37  Probe (Chrono Boost)  
  15  0:38  Gateway  
  16  0:43  Probe (Chrono Boost)  
  16  0:46  Assimilator  
  17  0:51  Probe  
  18  0:58  Assimilator  
  18  1:03  Probe (Chrono Boost)  
  19  1:08  Gateway  
  19  1:13  Probe (Chrono Boost)  
  19  1:17  Probe (Chrono Boost)  
  21  1:26  Cybernetics Core  
  21  1:29  Probe  
  22  1:37  Pylon  
  22  1:41  Probe  
  23  1:55  Probe  
  24  2:02  Stalker x2  
  24  2:03  Warp Gate  
  29  2:13  Pylon  
  28  2:15  Probe  
  28  2:20  Shield Battery  
  29  2:34  Adept  
  29  2:35  Adept  
  33  2:39  Stargate  
  33  2:48  Probe  
  34  3:05  Nexus  
  34  3:21  Oracle (Chrono Boost)  
  37  3:30  Probe  
  38  3:36  Pylon  
  38  3:38  Twilight Council  
  38  3:55  Stalker x2  
  42  3:56  Probe  
  43  4:05  Gateway  
  43  4:08  Probe  
  44  4:12  Blink (Chrono Boost)  
  44  4:16  Probe  
  45  4:20  Probe  
  46  4:28  Probe  
  46  4:29  Pylon  
  47  4:32  Probe  
  48  4:40  Probe  
  48  4:44  Probe  
  50  4:49  Gateway  
  50  4:50  Stalker  
  50  4:52  Probe, Stalker  
  53  5:00  Probe  
  53  5:05  Probe  
  55  5:12  Probe  
  55  5:13  Stalker  
  55  5:14  Stalker  
  60  5:17  Robotics Facility, Probe  
  61  5:24  Probe  
  60  5:29  Probe  
  60  5:32  Assimilator, Pylon  
  61  5:36  Probe, Stalker  
  61  5:41  Probe  
  65  5:43  Stalker x2  
  65  5:48  Pylon  
  69  5:52  Pylon  
  69  5:59  Stalker x2  
  73  6:08  Observer  
  73  6:11  Stalker  
  76  6:30  Probe  
  75  6:33  Nexus  
  75  6:35  Stalker x3, Pylon  
  75  6:36  Forge  
  75  6:39  Stalker  
  83  6:42  Probe  
  84  6:47  Probe  
  85  6:54  Probe  
  85  6:57  Pylon  
  85  6:58  Adept x2  
  85  6:59  Stalker  
  85  7:00  Probe  
  93  7:03  Protoss Ground Weapons Level 1 (Chrono Boost)  
  93  7:07  Probe  
  94  7:12  Probe  
  95  7:19  Probe  
  96  7:23  Gateway  
  96  7:24  Probe  
  96  7:29  Stalker x2  
  101  7:31  Probe  
  101  7:36  Probe  
  101  7:43  Probe, Stalker x2  
  104  7:48  Shield Battery  
  104  7:49  Probe  
  104  7:50  Pylon  
  103  7:51  Photon Cannon  
  103  7:55  Probe  
  104  8:01  Dark Shrine, Probe  
  97  8:08  Stalker x3  
  100  8:16  Immortal (Chrono Boost)  
  105  8:23  Charge (Chrono Boost)  
  102  8:27  Gateway  
  102  8:30  Gateway  
  102  8:33  Gateway  
  102  8:34  Shield Battery  
  102  8:35  Shield Battery  
  102  8:47  Warp Prism  
  104  8:56  Nexus  
  104  8:58  Zealot  
  104  8:59  Protoss Ground Weapons Level 2 (Chrono Boost)  
  106  9:03  Zealot x4  
  106  9:06  Pylon  
  106  9:09  Pylon  
  114  9:11  Observer  
  114  9:20  Dark Templar  
  114  9:21  Dark Templar  
  115  9:24  Pylon  
  115  9:27  Zealot  
  115  9:28  Zealot x2  
  115  9:29  Photon Cannon  
  121  9:35  Dark Templar  
  123  9:39  Zealot x2  
  127  9:50  Zealot x3  
  127  9:51  Probe  
  130  9:52  Pylon  
  130  9:53  Assimilator  
  130  9:55  Photon Cannon  
  130  9:58  Shield Battery  
  127  10:00  Stalker  
  127  10:03  Probe  
  127  10:06  Zealot x2  
  134  10:10  Stalker  
  134  10:13  Dark Templar  
  133  10:19  Probe  
  133  10:20  Probe  
  127  10:25  Zealot x3  
  117  10:29  Probe  
  117  10:32  Probe  
  113  10:35  Zealot x3  
  113  10:38  Probe x2  
  113  10:41  Probe  
  116  10:46  Probe  
  117  10:52  Zealot x5  
  117  10:55  Archon  
  127  10:58  Probe x2  
  127  11:02  Photon Cannon  
  129  11:07  Shield Battery, Probe  
  129  11:08  Shield Battery  
  130  11:12  Probe  
  130  11:13  Pylon  
  130  11:15  Probe x2  
  131  11:24  Observer  
  132  11:25  Dark Templar x2  
  132  11:26  Zealot x3  
  142  11:37  Pylon  
  140  11:47  Protoss Ground Weapons Level 3 (Chrono Boost)  
  140  11:50  Shadow Stride  
  140  11:51  Probe x3  
  140  11:52  Probe, Assimilator  
  140  11:53  Assimilator  
  144  11:54  Zealot x6  
  144  11:59  Pylon  
  144  12:00  Warp Prism (Chrono Boost)  
  158  12:11  Photon Cannon  
  158  12:16  Photon Cannon  
  158  12:17  Photon Cannon  
  158  12:26  Zealot  
  158  12:27  Zealot x5  
  158  12:28  Probe  
  170  12:37  Dark Templar x2  
  174  12:46  Observer  
  174  12:49  Robotics Facility  
  172  12:53  Assimilator  
  172  12:57  Dark Templar x3  
  172  12:58  Observer  
  176  13:03  Zealot x3  
  182  13:08  Nexus  
  182  13:09  Observer, Probe  
  182  13:11  Probe  
  182  13:12  Probe x2  
  187  13:17  Probe  
  187  13:18  Pylon  
  187  13:23  Probe  
  187  13:24  Probe x2  
  187  13:26  Probe  
  191  13:30  Observer  
  191  13:36  Probe, Photon Cannon  
  191  13:38  Photon Cannon  
  191  13:41  Shield Battery  
  192  13:42  Photon Cannon  
  192  13:44  Pylon  
  192  13:55  Robotics Bay  
  190  14:03  Robotics Facility  
  190  14:06  Photon Cannon  
  172  14:41  Zealot x6  
  172  14:42  Zealot  
  186  14:47  Disruptor (Chrono Boost)  
  186  14:48  Gateway  
  186  14:51  Gateway  
  192  14:53  Gateway  
  192  14:54  Disruptor (Chrono Boost)  
  192  14:58  Disruptor (Chrono Boost)  
  188  15:05  Photon Cannon  
  189  15:07  Photon Cannon  
  189  15:09  Gateway  
  189  15:12  Unknown, Gateway  
  189  15:14  Disruptor (Chrono Boost)  
  189  15:15  Gateway  
  189  15:18  Gateway  
  192  15:22  Dark Templar x4  
  192  15:23  Observer, Gateway  
  192  15:24  Gravitic Boosters (Chrono Boost)  
  200  15:41  Zealot x3  
  192  16:14  Disruptor x3  
  174  16:26  Zealot  
  174  16:27  Zealot x3, Dark Templar x3  
  174  16:28  Dark Templar x4  
  195  16:49  Disruptor  
  195  16:50  Observer  
  195  16:52  Photon Cannon  
  195  16:54  Photon Cannon, Assimilator  
  199  16:57  Photon Cannon  
  199  16:58  Observer  
  193  17:04  Zealot x3  
  197  17:12  Observer  
  196  17:19  Observer  
  196  17:20  Dark Templar  
  199  17:26  Observer  
  200  17:46  Nexus, Pylon  
  200  17:48  Pylon  
  179  18:06  Dark Templar x3  
  179  18:07  Dark Templar x7  
  179  18:11  Photon Cannon  
  179  18:12  Photon Cannon  
  199  18:13  Photon Cannon  
  199  18:16  Shield Battery, Photon Cannon x2  
  199  18:18  Shield Battery  
  199  18:21  Photon Cannon  
  199  18:22  Shield Battery, Photon Cannon  
  199  18:29  Stargate  
  199  18:30  Stargate  
  199  18:31  Fleet Beacon  
  197  18:34  Stargate  
  197  18:37  Observer  
  191  18:41  Stargate  
  169  18:54  Zealot x6  
  169  18:55  Zealot x3  
  189  19:25  Zealot, Dark Templar  
  189  19:26  Zealot x3  
  189  19:27  Assimilator  
  189  19:28  Assimilator  
Tags
 
Add a new tag
Caveats
  • Supply blocks, unpowered buildings, or Contaminate may cause inaccurate times.
  • Supply counts are checked every 10 seconds.